 Dungeon Crawl Stone Soup version 0.15-a0-809-g8e1b895 (webtiles) character file.

5 Bloax the Insei (level 1, -1/12 HPs)
             Began as a Kobold Transmuter on May 14, 2014.
             Slain by a hobgoblin
             ... wielding a +0,+0 club
              (3 damage)
             ... on Level 1 of the Dungeon.
             The game lasted 00:00:44 (128 turns).

Bloax the Insei (Kobold Transmuter)                  Turns: 128, Time: 00:00:45

HP  -1/12        AC  8     Str  9      XL: 1   Next: 88%
MP   3/3         EV  8     Int 11      God:
Gold 0           SH  0     Dex 15      Spells:  1 memorised,  3 levels left

rFire  + . .     SeeInvis .       - Unarmed
rCold  . . .     Clarity  .     f - +2 scale mail {rF+}
rNeg   . . .     Conserve .     (no shield)
rPois  .         rCorr    +     (no helmet)
rElec  .         rRot     .     (no cloak)
SustAb . .       Spirit   .     (no gloves)
rMut   .         Warding  .     (no boots)
Gourm  .         Stasis   .     e - amulet of resist corrosion
MR     .....                    (no ring)
                                (no ring)

@: not resistant to hostile enchantments, extremely unstealthy
A: disease resistance, carnivore 3
a: no special abilities


You were on level 1 of the Dungeon.
You were not hungry.

You visited 1 branch of the dungeon, and saw 1 of its levels.


Innate Abilities, Weirdness & Mutations

You recuperate from illness quickly.
You are small and have problems with some larger weapons.
You are carnivorous and can eat meat at any time.


   Skills:
 - Level 1.1 Fighting
 - Level 2.8 Dodging
 + Level 3.2 Unarmed Combat
 - Level 2.0 Spellcasting
 - Level 1.7 Transmutations


You had 3 spell levels left.
You knew the following spells:

 Your Spells              Type           Power        Failure   Level  Hunger
a - Beastly Appendage     Trmt           #.....       99%         1    ##.....


Dungeon Overview and Level Annotations

Branches:
Dungeon (1/15)

Altars:

Inventory:

Missiles
 b - 23 arrows
Armour
 f - a +2 scale mail of fire resistance (worn)
   (You found it on level 1 of the Dungeon)
Comestibles
 a - a meat ration
Jewellery
 e - an amulet of resist corrosion (around neck)
   (You found it on level 1 of the Dungeon)
Books
 d - a book of Changes

   Spells                             Type                      Level
   *Beastly Appendage                 Transmutation                1
   Sticks to Snakes                   Transmutation                2
   Spider Form                        Transmutation/Poison         3
   Ice Form                           Ice/Transmutation            4
   Blade Hands                        Transmutation                5

#.#### #.........
...###.....####
#.#[......#
#.........#
###.#.......#
##.#.......#.# + #
##.}(.....).#.#
#...#'#..(#.#######..
#...'g@.##.# ##.#
##...K.##.## ..
##.}.## . ... ##.# .
#+ .. #


You could see a hobgoblin and a kobold.


Message History

You barely miss the giant cockroach.
The giant cockroach is severely wounded.
The giant cockroach bites you.
You hit the giant cockroach.
You kill the giant cockroach!
Found 9 stones, a shiny scale mail and a whip.
A giant cockroach comes into view.
You see here a shiny scale mail.
f - a shiny scale mail You hit the giant cockroach.
The giant cockroach is severely wounded.
The giant cockroach misses you.
You hit the giant cockroach.
You kill the giant cockroach!
You see here a giant cockroach corpse.
Wear which item? (? for menu, Esc to quit)
You finish taking off your +0 robe.
You feel resistant to fire.
Drop what? (_ for help) (? for menu, Esc to quit)
You drop a +0 robe.
You open the door.
A kobold comes into view.
The kobold shouts!
The kobold throws a dart.
The dart closely misses you.
A hobgoblin comes into view. It is wielding a club.
There is an open door here.
You see here a dart.
The hobgoblin shouts!
A hobgoblin opens the large door.
The kobold throws a dart.
The dart hits you.
You see here a dart.
The kobold throws a dart.
The dart hits you but does no damage.
You see here a dart.
You closely miss the hobgoblin. The hobgoblin hits you with a club.
You hit the hobgoblin but do no damage. The hobgoblin hits you with a club.
* * * LOW HITPOINT WARNING * * *
The kobold hits you but does no damage.
You hit the hobgoblin.
The hobgoblin is moderately wounded.
The hobgoblin hits you but does no damage.
The kobold barely misses you.
You closely miss the hobgoblin.
The hobgoblin is moderately wounded.
The kobold closely misses you.
The hobgoblin hits you but does no damage.
You closely miss the hobgoblin.
The hobgoblin is moderately wounded.
The kobold hits you but does no damage. The hobgoblin hits you with a club.
* * * LOW HITPOINT WARNING * * *
You are too injured to fight recklessly!
You are too injured to fight recklessly!
You are too injured to fight recklessly!
You are too injured to fight recklessly!
You are too injured to fight recklessly!
You are too injured to fight recklessly!
You are too injured to fight recklessly!
You are too injured to fight recklessly!
You are too injured to fight recklessly!
You are too injured to fight recklessly!
You are too injured to fight recklessly!
You are too injured to fight recklessly!
You are too injured to fight recklessly!
You are too injured to fight recklessly!
You are too injured to fight recklessly!
You hit the hobgoblin.
The hobgoblin is severely wounded.
The kobold hits you but does no damage. The hobgoblin closely misses you.
You completely miss the hobgoblin.
The hobgoblin is severely wounded.
The kobold hits you but does no damage. The hobgoblin hits you with a club.
You die...

Action                   || total
-------------------------++-------
Melee: Unarmed           ||    30
 Cast: Beastly Appendage ||     1

Vault maps used:
D:1:      dpeg_arrival_refuge, serial_bayou_pond_d, grunt_decor_arrowhead

Notes
Turn   | Place    | Note
--------------------------------------------------------------
     0 | D:1      | Bloax, the Kobold Transmuter, began the quest for the Orb.
     0 | D:1      | Reached XP level 1. HP: 12/12 MP: 3/3
   126 | D:1      | HP: 2/12 [hobgoblin/club (2)]
   128 | D:1      | Slain by a hobgoblin

Vanquished Creatures
  A bat (D:1)
  2 giant cockroaches (D:1)
  A hobgoblin (D:1)
4 creatures vanquished.
